 Dungeon Crawl Stone Soup version 0.16.1-2-g95b8d4c (webtiles) character file.

1377264 Medar the Force of Nature (level 27, 258/258 HPs)
             Began as a Centaur Hunter on Mar 24, 2015.
             Was the Champion of Fedhas.
             Escaped with the Orb
             ... and 3 runes on Mar 25, 2015!
             The game lasted 07:08:22 (115672 turns).

Medar the Force of Nature (Centaur Hunter)        Turns: 115672, Time: 07:08:23

Health: 258/258    AC: 49    Str: 31    XL:     27
Magic:  37/37      EV:  8    Int:  8    God:    Fedhas [******]
Gold:   4368       SH:  0    Dex: 12    Spells: 5 memorised, 13 levels left

rFire  + + .     SeeInvis .     b - +9 longbow (freeze)
rCold  + . .     Clarity  +     G - +10 plate armour of the Fifty Moons {rF+ rN+}
rNeg   + . .     SustAb   .     (no shield)
rPois  +         Gourm    .     t - +2 helmet
rElec  +         Spirit   +     I - +1 cloak
rCorr  .         Warding  .     e - +2 pair of gloves {Dex+3}
rMut   .         Stasis   .     B - +4 centaur barding
MR     +++..                    g - amulet "Witot" {Spirit rElec rPois Str+4 Int-2 Stlth+}
Stlth  ..........               o - ring of protection from magic
                                h - ring of protection from cold

@: very slightly contaminated, hasted, very quick, extremely resistant to
hostile enchantments, extremely unstealthy
A: hooves 3, rugged brown scales 1, slimy green scales 1, clarity, clumsy 1,
deformed body, fire resistance 1, speed 2, low mp 1, screaming 1, slow healing
1, tough skin 3, placid magic 1
a: Evolution, Sunlight, Growth, Reproduction, Rain, Renounce Religion
0: Orb of Zot
}: 3/15 runes: barnacled, silver, gossamer


You escaped.
You worshipped Fedhas.
Fedhas was exalted by your worship.
You were not hungry.

You visited 8 branches of the dungeon, and saw 52 of its levels.
You visited the Abyss 1 time.
You also visited: Labyrinth.

You collected 6255 gold pieces.
You spent 1887 gold pieces at shops.

Inventory:

Hand weapons
 a - a +5 great sword of flaming
 b - a +9 longbow of freezing (weapon)
 c - a +2 great sword of holy wrath
Missiles
 q - 259 arrows (quivered)
 s - 87 arrows of dispersal
Armour
 e - a +2 pair of gloves of dexterity (worn)
 t - a +2 helmet (worn)
 B - a +4 centaur barding (worn)
 G - the +10 plate armour of the Fifty Moons (worn) {rF+ rN+}
   (You found it on level 5 of the Dungeon)

   It protects you from fire.
   It protects you from negative energy.
 I - a +1 cloak (worn)
Rods
 T - a +1 rod of clouds (10/10) {!a}
   (You found it in a labyrinth)
 Z - a +1 rod of the swarm (13/13) {!a}
   (You found it on level 4 of the Realm of Zot)
Jewellery
 g - the amulet "Witot" (around neck) {Spirit rElec rPois Str+4 Int-2 Stlth+}
   (You found it on level 5 of the Vaults)

   [amulet of guardian spirit]

   It causes incoming damage to be split between your health and magic.
   It affects your strength (+4).
   It affects your intelligence (-2).
   It insulates you from electricity.
   It protects you from poison.
   It makes you more stealthy.
 h - a ring of protection from cold (left hand)
 n - an uncursed ring of see invisible
 o - a ring of protection from magic (right hand)
 K - an uncursed amulet of faith {unknown}
 U - a +5 ring of protection
 W - a ring of the Octopus King {rF+ AC+1 EV+1 Str+1 Int+1 Dex+1}
   (You bought it in a shop on level 11 of the Dungeon)

   [ring of protection from fire]

   It affects your AC (+1).
   It affects your evasion (+1).
   It affects your strength (+1).
   It affects your intelligence (+1).
   It affects your dexterity (+1).
   It protects you from fire.
Magical devices
 i - a wand of teleportation (4)
 k - a wand of teleportation (1)
 z - a wand of disintegration (5)
 E - a wand of hasting (0)
 F - a wand of heal wounds (5)
 H - a wand of digging (16)
 M - a wand of invisibility (4)
 V - a wand of lightning (7)
 X - a wand of fire (8)
Scrolls
 m - a scroll of fear
 u - 3 scrolls of recharging
 v - a scroll of blinking
 C - 7 scrolls of identify {@r2}
 D - 2 scrolls of silence {!r}
 J - a scroll of teleportation
 N - 22 scrolls of remove curse {@r1}
 O - 4 scrolls of fog
 Q - 2 scrolls of holy word
 S - a scroll of magic mapping
Potions
 d - 4 potions of brilliance
 j - 9 potions of restore abilities
 l - a potion of invisibility
 r - a potion of resistance
 w - a potion of berserk rage {!q}
 x - 4 potions of might
 A - 3 potions of flight
 L - a potion of cure mutation {!q}
 P - 6 potions of curing {@q1}
 R - 4 potions of agility
 Y - 5 potions of magic
Miscellaneous
 y - a phantom mirror
Comestibles
 f - 12 bread rations {@e1}


   Skills:
 + Level 21.5 Fighting
   Level 5.6(15.6) Short Blades
 + Level 21.6(21.8) Long Blades
 - Level 21.7 Bows
 + Level 16.8 Armour
 + Level 8.7 Dodging
 - Level 0.5 Stealth
 + Level 23.4 Invocations


You had 13 spell levels left.
You knew the following spells:

 Your Spells              Type           Power        Failure   Level  Hunger
b - Apportation           Tloc           #.........   98%         1    ##.....
o - Silence               Hex/Air        #.........   100%        5    ######.
r - Repel Missiles        Chrm/Air       #.....       99%         2    ###....
w - Blink                 Tloc           N/A          99%         2    ###....
y - Flight                Chrm/Air       #.........   100%        3    ####...


Dungeon Overview and Level Annotations

Branches:
Dungeon (15/15)            Temple (0/1) D:6            Lair (8/8) D:11
 Shoals (5/5) Lair:5       Spider (5/5) Lair:6        Slime (0/6) Lair:7
    Orc (4/4) D:9             Elf (0/3) Orc:4        Vaults (5/5) D:13
  Crypt (0/3) Vaults:3     Depths (5/5) D:15            Zot (5/5) Depths:5

Altars:
Ashenzari
Cheibriados
Elyvilon
Fedhas
Kikubaaqudgha
Makhleb
Nemelex Xobeh
Okawaru
Qazlal
Ru
Sif Muna
Trog
Vehumet
Yredelemnul
The Shining One
Beogh
Jiyva

Shops:
D:11 =   D:12 *   Orc:4 *=[(   Shoals:5 %   Depths:1 *

Portals:
Hell: Depths:1 Depths:2 Depths:3 Depths:4 Depths:5
Abyss: Depths:3 Depths:4 Depths:5
Pandemonium: Depths:2 Depths:3
Ziggurat: Depths:1

Annotations:
Spider:4 exclusion: Roxanne, Roxanne


Innate Abilities, Weirdness & Mutations

You have hooves in place of feet.
Armour fits poorly on your strangely shaped body.
You cover ground very quickly.
You have extremely tough skin (AC +3).
You are partially covered in rugged brown scales (AC +1, +3% HP).
You are partially covered in slimy green scales (AC +2).
You possess an exceptional clarity of mind.
You are clumsy. (Dex -2)
Your flesh is heat resistant.
Your magical capacity is low (-10% MP).
You occasionally shout uncontrollably at your foes.
You heal slowly when monsters are visible.
Your spells are a little easier to cast, but a little less powerful.


Message History

You shoot an arrow. The arrow hits the Orb Guardian!!
The arrow freezes the Orb Guardian.
You kill the Orb Guardian!
Press: ? - help, v - describe, . - travel
Here: Bruim The floor.
Evoke which item? (* to show all) (? for menu, Esc to quit)
Zapping:
E - a wand of hasting (1)
Press: ? - help, Shift-Dir - straight line, f - you You feel yourself speed up.
This wand has 0 charges left.
Bruim casts a spell.
Bruim seems to speed up.
A sixfirhy comes into view.
You enter the shallow water.
Moving in this stuff is going to be slow.
There is an open door here.
Which direction?
You close the door.
There is a staircase leading out of the dungeon here.
You have escaped!

#.##########
#..........#
#..≈≈≈≈(.8.#
#..........#
#####.######
####+#####
#........#
#........#
#......@.#
#........#
#........#
##########


There were no monsters in sight!

Vanquished Creatures
  An ancient lich (Zot:5)
  3 orbs of fire
  Sojobo (Vaults:2)
  Saint Roka (D:13)
  A curse toe (Zot:1)
  A Killer Klown (Zot:5)
  8 golden dragons
  the Enchantress (Depths:2)
  Arachne (Spider:4)
  3 liches
  An electric golem (Zot:3)
  28 tentacled monstrosities
  23 Orb Guardians
  2 quicksilver dragons
  A titan (Vaults:5)
  6 sphinxes
  Polyphemus (Shoals:3)
  Rupert (Lair:5)
  Agnes (Vaults:4)
  10 tengu reavers
  Frances (Spider:4)
  7 shadow dragons
  22 storm dragons
  8 draconian monks
  9 fire giants
  2 azure jellies (Depths:4)
  7 ghost moths
  3 frost giants
  Maud (Lair:6)
  23 vault wardens
  3 iron dragons
  A deep elf sorcerer (Vaults:4)
  9 draconian scorchers
  10 emperor scorpions
  An orc warlord (Orc:4)
  3 spriggan defenders
  A draconian knight (Zot:4)
  Gastronok (Lair:1)
  16 draconian zealots
  A draconian shifter (Zot:3)
  16 very ugly things
  18 stone giants
  19 ironheart preservers
  5 draconian annihilators
  A war gargoyle (Vaults:4)
  8 draconian callers
  2 deep elf demonologists
  11 grey draconians
  8 rakshasas
  13 black draconians
  8 green draconians
  9 yellow draconians
  3 deep elf annihilators
  6 mottled draconians
  6 red draconians
  A vampire knight (Vaults:3)
  14 purple draconians
  5 white draconians
  5 pale draconians
  A dire elephant (Depths:3)
  4 deep elf death magi
  2 minotaurs
  7 ettins
  2 merfolk javelineers (Shoals:5)
  33 vault guards
  10 fire dragons
  13 merfolk impalers
  The ghost of puimuR the Grappler, a powerful TrAM (Orc:4)
  5 death oozes (Depths:4)
  A jiangshi (Vaults:3)
  An eidolon (Vaults:3)
  3 deep elf high priests
  15 death cobs
  20 yaktaur captains
  12 great orbs of eyes
  11 hydras
  6 spriggan air magi
  19 ice dragons
  3 catoblepae
  3 deep troll earth magi
  4 merfolk avatars
  3 alligator snapping turtles
  4 merfolk aquamancers
  A deep troll shaman (Depths:4)
  4 satyrs
  24 ogre magi
  A dancing weapon (Vaults:5)
  9 centaur warriors
  2 tengu warriors
  An anaconda (shapeshifter) (Vaults:1)
  45 death yaks
  9 spriggan berserkers
  19 deep trolls
  3 orc high priests
  2 iron trolls (Depths:4)
  8 deep elf knights
  8 sea snakes
  3 unseen horrors
  A fire crab (Vaults:2)
  2 shadow wraiths
  A storm dragon skeleton (Depths:4)
  5 hell knights
  3 skeletal warriors (Vaults:1)
  Erolcha (Orc:1)
  An ice devil (D:13)
  3 flayed ghosts
  20 ironbrand convokers
  An ice statue (Depths:1)
  13 harpies
  A deep elf summoner (Vaults:4)
  4 necromancers
  6 hill giants
  2 wizards
  A cyclops (shapeshifter) (D:13)
  8 deep elf conjurers
  24 orc knights
  2 giant orange brains
  8 orc sorcerers
  An orb spider (shapeshifter) (Vaults:1)
  2 mana vipers (shapeshifter)
  8 hornets
  40 wolf spiders
  2 water nymphs (Shoals:5)
  A draconian (shapeshifter) (Vaults:1)
  17 orb spiders
  2 tengu skeletons
  10 fauns
  A hornet (shapeshifter) (Vaults:2)
  20 griffons
  The ghost of Yermak the Basher, an experienced GrBe of Trog (D:6)
  66 ugly things
  22 cyclopes
  12 sirens
  A salamander (Lair:3)
  6 elephants
  13 manticores
  2 centaur zombies (D:12)
  A salamander (shapeshifter) (Depths:3)
  A fire giant skeleton (Depths:4)
  A rust devil (Zot:3)
  4 ugly thing skeletons (D:14)
  A draconian skeleton (Zot:2)
  23 moths of wrath
  A guardian serpent (shapeshifter) (D:12)
  2 drowned souls
  5 black mambas
  A queen ant (Lair:8)
  An octopode (shapeshifter) (D:13)
  18 vault sentinels
  2 orange demons
  6 torpor snails
  A molten gargoyle (Lair:3)
  2 smoke demons (Vaults:5)
  A naga mage (Depths:1)
  9 spiny frogs
  An elf (shapeshifter) (Vaults:3)
  5 kobold demonologists
  3 gargoyles
  15 demonic crawlers
  74 yaktaurs
  5 deep elf priests
  4 freezing wraiths
  A black draconian skeleton (Zot:2)
  A mottled draconian skeleton (Zot:3)
  2 fire drakes (shapeshifter)
  A queen bee (D:15)
  A queen bee (shapeshifter) (Depths:2)
  A yaktaur skeleton (Vaults:3)
  8 spriggan druids
  8 komodo dragons
  24 jumping spiders
  3 harpy zombies (Shoals:2)
  An efreet (D:15)
  4 fire drakes
  A blue devil (Orc:3)
  9 trolls
  27 merfolk
  5 wind drakes
  12 polar bears
  2 tengu conjurers
  A harpy skeleton (D:14)
  8 boulder beetles
  13 snapping turtles
  7 ravens
  42 slime creatures
  35 two-headed ogres
  11 blink frogs
  A griffon zombie (Shoals:2)
  A shadow (D:12)
  A basilisk (shapeshifter) (Depths:1)
  3 vampires
  A wraith (Zot:5)
  3 basilisks
  33 tarantellas
  19 trapdoor spiders
  15 water elementals
  A snapping turtle (shapeshifter) (Depths:2)
  2 small abominations
  57 redbacks
  A trapdoor spider (shapeshifter) (Vaults:5)
  2 air elementals
  A griffon skeleton (Shoals:2)
  51 spriggans
  A spriggan (shapeshifter) (Depths:2)
  A wyvern (Lair:7)
  47 yaks
  A fire bat (shapeshifter) (D:10)
  7 fire bats
  7 vampire mosquitoes
  2 steam dragons
  7 deep elf magi
  6 deep elf fighters
  4 human simulacra
  A yaktaur simulacrum (Vaults:1)
  2 fire elementals
  A wolf (shapeshifter) (Vaults:1)
  7 wargs
  4 hungry ghosts
  5 mottled dragons
  A soldier ant (shapeshifter) (Vaults:4)
  14 water moccasins
  Menkaure (D:7)
  22 wolves
  A porcupine (shapeshifter) (Vaults:1)
  A human zombie (Vaults:5)
  2 swamp drakes (Zot:3)
  14 hippogriffs
  7 soldier ants (Lair:8)
  3 human skeletons
  43 orc warriors
  4 black bears (Lair:8)
  2 phantoms
  34 spiders
  15 ice beasts
  83 ogres
  A sky beast (D:10)
  3 eyes of draining (shapeshifter)
  33 boggarts
  19 wasps
  14 porcupines
  A necrophage (D:13)
  19 centaurs
  12 crocodiles
  An orc skeleton (Orc:4)
  2 boring beetles
  A brain worm (shapeshifter) (Vaults:1)
  20 giant frogs
  A gnoll sergeant (D:10)
  2 big kobolds
  A brain worm (D:13)
  Blork the orc (D:7)
  34 killer bees
  A cyclops skeleton (D:14)
  6 scorpions
  15 wights
  2 electric eels (Spider:5)
  3 goliath beetles
  4 centaur skeletons
  A giant frog zombie (D:6)
  2 lava snakes (Lair:3)
  25 orc priests
  An iron imp (Abyss:1)
  Crazy Yiuf (D:3)
  9 crimson imps
  3 giant frog skeletons
  16 hounds
  16 jellies
  43 worker ants
  6 iguanas
  11 hell rats
  35 orc wizards
  51 sheep
  Ijyb (D:5)
  3 hound skeletons
  Robin (D:4)
  6 gnolls
  A worker ant zombie (D:5)
  21 adders
  A river rat (shapeshifter) (D:13)
  61 river rats
  2 shadow imps (D:14)
  3 white imps
  3 ufetubi
  A worm (D:3)
  An adder skeleton (D:9)
  4 giant geckos
  19 oozes
  184 orcs
  17 bats
  6 bat skeletons (Depths:2)
  5 giant cockroaches
  21 goblins
  19 hobgoblins
  15 quokkas
  3 ball pythons
  A giant gecko zombie (D:8)
  9 giant newts
  11 jackals
  22 kobolds
  A quokka zombie (D:8)
  20 rats
  2 crawling corpses (Vaults:5)
  A macabre mass (Depths:4)
2876 creatures vanquished.

Vanquished Creatures (collateral kills)
  2 ancient liches (Zot:5)
  The ghost of herpmino the Sensei, a legendary DrMo of Jiyva (Zot:5)
  An orb of fire (Zot:5)
  A pandemonium lord (Zot:5)
  2 Killer Klowns (Zot:5)
  A curse toe (Zot:5)
  A golden dragon (Zot:5)
  2 electric golems (Zot:5)
  3 tentacled monstrosities (Zot:5)
  7 Orb Guardians (Zot:5)
  A titan (Vaults:5)
  A tengu reaver (Vaults:5)
  3 storm dragons (Zot:5)
  Ilsuiw (Shoals:5)
  A fire giant (Vaults:5)
  A spriggan defender (Depths:2)
  A purple draconian (Zot:5)
  An ettin (Vaults:4)
  A merfolk impaler (Shoals:5)
  A death cob (Zot:5)
  2 vault guards (Vaults:5)
  A hydra (Lair:5)
  2 ice dragons (Zot:5)
  An ogre mage (Depths:2)
  2 spriggans (Lair:8)
  An ice devil (Zot:5)
  2 deep trolls (Vaults:1)
  A harpy (Shoals:5)
  A large abomination (Zot:5)
  2 deathcaps (Zot:5)
  A hornet (Vaults:5)
  A water nymph (Shoals:5)
  4 wolf spiders (Spider:5)
  A sixfirhy (Depths:2)
  A manticore (Shoals:4)
  A siren (Shoals:4)
  An elephant (Lair:8)
  5 spiny frogs
  3 moths of wrath (Zot:5)
  A yaktaur (Vaults:5)
  4 wandering mushrooms
  A blink frog (Lair:4)
  A two-headed ogre (Depths:2)
  3 merfolk
  A wraith (Zot:5)
  3 snapping turtles (Shoals:5)
  3 water elementals
  2 redbacks (Spider:2)
  A wyvern (D:10)
  2 tarantellas
  4 yaks
  4 soldier ants (Lair:8)
  2 wolves (Lair:8)
  Edmund (D:7)
  2 orc warriors
  3 wargs (Orc:3)
  A water moccasin (Lair:2)
  A sky beast (D:6)
  2 phantoms (Zot:5)
  4 black bears
  3 wasps
  4 ogres
  An ice beast (D:9)
  2 big kobolds
  4 giant frogs
  A wyvern skeleton (D:8)
  A scorpion (D:6)
  6 killer bees
  2 wights (D:6)
  A goliath beetle (D:7)
  A jelly (Depths:4)
  2 hounds
  7 orc wizards
  An iguana (Lair:1)
  5 worker ants
  8 sheep
  A mummy (D:10)
  7 river rats
  3 adders
  2 orc zombies (Orc:4)
  An adder zombie (D:8)
  20 orcs
  A ball python (D:8)
  2 quokkas
  A bat (D:6)
  2 kobolds
  2 butterflies (D:6)
  A toadstool (Lair:8)
204 creatures vanquished.

Vanquished Creatures (others)
  Margery (Vaults:5)
  A draconian zealot (Zot:3)
  A draconian knight (Zot:4)
  A purple draconian (Zot:4)
  A tengu warrior (D:12)
  20 oklob plants
  3 death yaks (Depths:2)
  A deathcap (Zot:5)
  11 drowned souls
  A sixfirhy (Zot:2)
  A moth of wrath (Zot:5)
  A komodo dragon (Lair:8)
  A large abomination (Zot:5)
  A hyperactive ballistomycete (D:12)
  A fire drake (Zot:3)
  A raven (D:15)
  60 wandering mushrooms
  A spriggan (Depths:2)
  An ice dragon skeleton (Zot:3)
  A warg (Vaults:5)
  An orc warrior (Vaults:5)
  2 wasps (Depths:2)
  A centaur (D:12)
  3 ogres
  4 lost souls
  A killer bee (D:10)
  A quasit (D:12)
  2 worker ant zombies
  5 orcs
  2 giant spores
  A ballistomycete (D:10)
  3 bushes (Depths:2)
  20 fungi
  39 plants
  2845 toadstools
3040 creatures vanquished.

Grand Total: 6120 creatures vanquished

Notes
Turn   | Place    | Note
--------------------------------------------------------------
     0 | D:1      | Medar, the Centaur Hunter, began the quest for the Orb.
     0 | D:1      | Reached XP level 1. HP: 17/17 MP: 1/1
   195 | D:1      | Reached skill level 1 in Short Blades
   196 | D:1      | Reached XP level 2. HP: 21/24 MP: 2/2
   672 | D:1      | Reached skill level 6 in Bows
  1197 | D:2      | Reached XP level 3. HP: 29/29 MP: 3/3
  1285 | D:2      | Found a blossoming altar of Fedhas.
  1327 | D:2      | Became a worshipper of Fedhas Madash
  2252 | D:3      | Found a white marble altar of Elyvilon.
  2454 | D:3      | Found a white marble altar of Elyvilon.
  2710 | D:3      | Reached XP level 4. HP: 22/36 MP: 3/3
  2886 | D:3      | Noticed Crazy Yiuf
  2905 | D:3      | Killed Crazy Yiuf
  3186 | D:4      | Noticed Robin
  3283 | D:4      | Killed Robin
  3550 | D:4      | Noticed a phantom
  3568 | D:4      | Killed a phantom
  3568 | D:4      | Reached skill level 7 in Bows
  3568 | D:4      | Reached XP level 5. HP: 38/41 MP: 4/4
  3747 | D:4      | Acquired Fedhas' first power
  4048 | D:4      | Reached XP level 6. HP: 48/48 MP: 5/5
  4397 | D:5      | Entered Level 5 of the Dungeon
  4426 | D:4      | Reached skill level 8 in Bows
  4472 | D:5      | Noticed Ijyb
  4494 | D:5      | Killed Ijyb
  4589 | D:5      | Found a shattered altar of Ashenzari.
  4795 | D:5      | Reached XP level 7. HP: 55/55 MP: 5/5
  4974 | D:5      | Found a snail-covered altar of Cheibriados.
  5206 | D:5      | Reached skill level 5 in Short Blades
  5206 | D:5      | Reached skill level 9 in Bows
  5312 | D:5      | Got an ichor-stained plate armour
  5323 | D:5      | Identified the +10 plate armour of the Fifty Moons {rF+ rN+} (You found it on level 5 of the Dungeon)
  5528 | D:6      | Reached skill level 1 in Armour
  5631 | D:6      | Noticed Yermak's ghost (experienced GrBe)
  5691 | D:6      | Found a radiant altar of Vehumet.
  5691 | D:6      | Found a deep blue altar of Sif Muna.
  5692 | D:6      | Found a sparkling altar of Nemelex Xobeh.
  5872 | D:6      | Reached XP level 8. HP: 49/61 MP: 6/6
  5958 | D:6      | Found a stormy altar of Qazlal.
  5979 | D:6      | Found a basalt altar of Yredelemnul.
  5996 | D:6      | Found a shattered altar of Ashenzari.
  6160 | D:7      | Noticed Blork the orc
  6193 | D:7      | Killed Blork the orc
  6527 | D:7      | Noticed Edmund
  6551 | D:7      | Killed Edmund
  6551 | D:7      | Reached skill level 10 in Bows
  7060 | D:7      | Found a sparkling altar of Nemelex Xobeh.
  7107 | D:7      | Noticed Menkaure
  7114 | D:7      | Killed Menkaure
  7733 | D:8      | Reached skill level 1 in Long Blades
  7993 | D:8      | Reached XP level 9. HP: 61/72 MP: 7/7
  8133 | D:8      | Reached skill level 11 in Bows
  8292 | D:8      | Reached skill level 1 in Invocations
  8344 | D:8      | Acquired Fedhas' second power
  8758 | D:8      | Noticed a two-headed ogre
  8788 | D:8      | Killed a two-headed ogre
  9514 | D:9      | Reached skill level 5 in Fighting
  9816 | D:9      | Noticed a four-headed hydra
  9887 | D:9      | Killed a four-headed hydra
  9887 | D:9      | Reached XP level 10. HP: 78/83 MP: 12/14
  9976 | D:9      | Found a staircase to the Orcish Mines.
 10034 | D:9      | Found a roughly hewn altar of Beogh.
 10048 | D:9      | Reached skill level 12 in Bows
 10617 | D:10     | Entered Level 10 of the Dungeon
 10747 | D:10     | Reached skill level 5 in Armour
 10889 | D:10     | Acquired Fedhas' third power
 11336 | D:10     | Reached skill level 5 in Long Blades
 12164 | D:10     | Noticed a wolf spider
 12183 | D:10     | Killed a wolf spider
 12222 | D:11     | Found Thir's Jewellery Emporium.
 12226 | D:11     | Noticed a cyclops
 12247 | D:11     | Noticed a red ugly thing
 12250 | D:11     | HP: 4/86 [giant frog (2)]
 12263 | D:11     | HP: 4/86 [giant frog (3)]
 12760 | D:10     | Got a scorched silver ring
 12784 | D:10     | Identified the ring of False Pretenses {rF+ Stlth+} (You found it on level 10 of the Dungeon)
 12826 | D:11     | Reached skill level 13 in Bows
 12826 | D:11     | Reached XP level 11. HP: 59/92 MP: 15/15
 12936 | D:11     | Noticed a manticore
 12962 | D:11     | Killed a manticore
 12992 | D:11     | Found a staircase to the Lair.
 13144 | D:11     | Noticed an eight-headed hydra
 13363 | D:11     | Bought a +3 ring of evasion for 273 gold pieces
 13533 | Lair:1   | Entered Level 1 of the Lair of Beasts
 13646 | D:11     | Killed a red ugly thing
 14279 | D:11     | Killed a cyclops
 14828 | D:10     | Identified a +4 rod of the swarm (4/10) {!a} (You took it off a two-headed ogre on level 10 of the Dungeon)
 15430 | Lair:1   | Reached skill level 14 in Bows
 15637 | Lair:1   | Noticed Gastronok
 16220 | Lair:2   | Noticed an eight-headed hydra
 16241 | Lair:2   | Killed an eight-headed hydra
 17475 | Lair:3   | Reached XP level 12. HP: 71/101 MP: 17/17
 18304 | Lair:3   | Reached skill level 15 in Bows
 18308 | Lair:3   | Found a glowing golden altar of the Shining One.
 18329 | Lair:3   | Acquired Fedhas' fourth power
 20213 | Lair:5   | Found a staircase to the Shoals.
 20236 | Lair:5   | Reached skill level 10 in Long Blades
 20477 | Lair:5   | Noticed a five-headed hydra
 20648 | Lair:5   | Noticed Rupert
 20838 | Lair:5   | Killed a five-headed hydra
 21084 | Lair:5   | Killed Rupert
 21357 | Lair:5   | Reached skill level 10 in Fighting
 21772 | Lair:6   | Noticed a catoblepas
 21847 | Lair:6   | Killed a catoblepas
 21995 | Lair:6   | Reached XP level 13. HP: 95/113 MP: 18/18
 22054 | Lair:6   | Got a translucent flail
 22721 | Lair:6   | Acquired Fedhas' fifth power
 23165 | Lair:6   | Found a hole to the Spider Nest.
 23409 | Lair:6   | Noticed Maud
 23934 | Lair:6   | Killed Maud
 25041 | Lair:7   | Found a staircase to the Slime Pits.
 25812 | Lair:8   | Entered Level 8 of the Lair of Beasts
 27376 | Lair:8   | Reached skill level 16 in Bows
 27582 | Lair:8   | Reached XP level 14. HP: 108/122 MP: 18/18
 28385 | Lair:8   | Learned a level 2 spell: Repel Missiles
 28388 | Lair:8   | Learned a level 2 spell: Swiftness
 28392 | Lair:8   | Learned a level 3 spell: Flight
 29851 | Lair:1   | Killed Gastronok
 29851 | Lair:1   | Reached skill level 17 in Bows
 30226 | D:12     | Found Cixkyrut's Demolitions Depot.
 30351 | D:11     | Killed an eight-headed hydra
 31207 | Orc:1    | Entered Level 1 of the Orcish Mines
 31219 | Orc:1    | Noticed Erolcha
 31521 | D:11     | Bought an uncursed ring of protection from magic for 325 gold pieces
 31662 | Orc:1    | Killed Erolcha
 34215 | Orc:4    | Entered Level 4 of the Orcish Mines
 34215 | Orc:4    | Found Ohiuf's Antique Armour Emporium.
 34240 | Orc:4    | Found a labyrinth entrance.
 34246 | Orc:4    | Noticed puimuR's ghost (powerful TrAM)
 34251 | Lab      | Entered a labyrinth
 34427 | Lab      | Identified a +1 rod of clouds (10/10) (You found it in a labyrinth)
 34432 | Lab      | Identified a +5 rod of destruction (14/14) (You found it in a labyrinth)
 34444 | Lab      | Learned a level 5 spell: Silence
 34479 | Orc:4    | Found Klilumm's Antique Weapon Boutique.
 34984 | Orc:4    | Killed puimuR's ghost
 35058 | Orc:4    | Found a staircase to the Elven Halls.
 35218 | Orc:4    | Found Wawipuaz's General Store.
 35541 | Orc:4    | Found Hyjeule's Jewellery Shoppe.
 35542 | Orc:4    | Noticed an orc warlord
 35765 | Orc:4    | Paralysed by an orc sorcerer for 6 turns
 35835 | Orc:4    | Reached XP level 15. HP: 80/130 MP: 20/20
 36374 | Orc:4    | Killed an orc warlord
 36520 | Orc:4    | Bought the ring "Pibbi" {rElec rPois rN+} for 382 gold pieces
 36595 | Orc:4    | Reached skill level 15 in Long Blades
 37312 | Orc:4    | Bought an uncursed amulet of guardian spirit for 300 gold pieces
 39095 | D:13     | Found a gate to the Vaults.
 39305 | D:13     | Reached skill level 5 in Invocations
 39318 | D:13     | Found an ancient bone altar of Kikubaaqudgha.
 40276 | D:13     | Found a burning altar of Makhleb.
 41390 | D:15     | Entered Level 15 of the Dungeon
 41401 | D:15     | Found a staircase to the Depths.
 42198 | D:15     | Found a sacrificial altar of Ru.
 43206 | Lair:6   | Reached XP level 16. HP: 128/139 MP: 24/24
 43258 | Spider:1 | Entered Level 1 of the Spider Nest
 43935 | Spider:1 | You fall through a shaft!
 44549 | Spider:2 | Identified a scroll of acquirement
 47881 | Spider:3 | Reached skill level 18 in Bows
 48905 | Spider:4 | Noticed Frances
 49139 | Spider:4 | Noticed Roxanne
 49604 | Spider:4 | Killed Frances
 49838 | Spider:4 | Noticed Arachne
 49872 | Spider:4 | Killed Arachne
 51517 | Spider:5 | Entered Level 5 of the Spider Nest
 52066 | Spider:5 | Reached XP level 17. HP: 140/149 MP: 26/26
 54816 | Spider:5 | Got a gossamer rune of Zot
 55818 | D:6      | Found a staircase to the Ecumenical Temple.
 55836 | D:6      | Found an iron altar of Okawaru.
 55837 | D:6      | Found a bloodstained altar of Trog.
 55959 | D:6      | Found a deep blue altar of Sif Muna.
 55959 | D:6      | Found a shattered altar of Ashenzari.
 55960 | D:6      | Found a radiant altar of Vehumet.
 56126 | D:6      | Found a basalt altar of Yredelemnul.
 56135 | D:6      | Found a stormy altar of Qazlal.
 56187 | D:6      | Found a sparkling altar of Nemelex Xobeh.
 56229 | D:6      | Found a staircase to the Ecumenical Temple.
 56245 | D:6      | Found an iron altar of Okawaru.
 56246 | D:6      | Found a bloodstained altar of Trog.
 56279 | D:6      | Found a staircase to the Ecumenical Temple.
 56307 | D:6      | Found a sparkling altar of Nemelex Xobeh.
 56315 | D:6      | Found a basalt altar of Yredelemnul.
 56328 | D:6      | Found a stormy altar of Qazlal.
 56457 | D:6      | Killed Yermak's ghost
 56475 | D:6      | Found a radiant altar of Vehumet.
 56476 | D:6      | Found a deep blue altar of Sif Muna.
 56477 | D:6      | Found a shattered altar of Ashenzari.
 56686 | D:6      | Found an iron altar of Okawaru.
 56687 | D:6      | Found a bloodstained altar of Trog.
 56891 | D:11     | Bought a ring of the Octopus King {rF+ AC+1 EV+1 Str+1 Int+1 Dex+1} for 607 gold pieces
 57028 | Shoals:1 | Entered Level 1 of the Shoals
 57634 | Shoals:1 | You fall through a shaft!
 58821 | Shoals:3 | Noticed Polyphemus
 59002 | Shoals:3 | Killed Polyphemus
 59606 | Shoals:3 | Reached skill level 19 in Bows
 59851 | Shoals:3 | Reached skill level 10 in Armour
 61107 | Shoals:4 | Reached XP level 18. HP: 154/159 MP: 28/28
 61662 | Shoals:5 | Entered Level 5 of the Shoals
 61662 | Shoals:5 | Noticed Ilsuiw
 62227 | Shoals:5 | Killed Ilsuiw
 63224 | D:12     | Gained mutation: You possess an exceptional clarity of mind. [potion of mutation]
 63224 | D:12     | Gained mutation: You are partially covered in slimy green scales (AC +2). [potion of mutation]
 63224 | D:12     | Gained mutation: You are weak. (Str -2) [potion of mutation]
 63226 | D:12     | Gained mutation: You are partially covered in rugged brown scales (AC +1, +3% HP). [potion of beneficial mutation]
 64428 | Shoals:5 | Found Etaokeh's Food Shop.
 65567 | Shoals:5 | Got a barnacled rune of Zot
 66434 | Vaults:1 | Entered Level 1 of the Vaults
 67921 | Vaults:1 | Noticed Saint Roka
 67928 | Vaults:1 | Reached XP level 19. HP: 142/173 MP: 23/29
 68366 | D:13     | Killed Saint Roka
 68366 | D:13     | Reached skill level 20 in Bows
 68576 | Vaults:1 | Paralysed by a hornet for 2 turns
 70858 | Vaults:1 | Reached skill level 15 in Fighting
 71440 | Vaults:2 | Noticed Sojobo
 71831 | Vaults:2 | Killed Sojobo
 74370 | Vaults:3 | Paralysed by an ogre mage for 7 turns
 74384 | Vaults:3 | Reached XP level 20. HP: 184/184 MP: 29/29
 74946 | Vaults:3 | Got a brightly glowing helmet
 74957 | Vaults:3 | Identified the +0 helmet of Loss {rN+++ Int+3 Dex-4 Stlth+} (You found it on level 3 of the Vaults)
 75958 | Vaults:3 | Reached skill level 21 in Bows
 76032 | Vaults:3 | Cast into the Abyss (an ogre mage)
 76139 | Abyss:2  | Found a corrupted altar of Lugonu.
 76173 | Vaults:3 | Escaped the Abyss
 76270 | Vaults:3 | Found a staircase to the Crypt.
 78804 | Vaults:4 | Noticed Agnes
 80420 | Vaults:4 | Killed Agnes
 80543 | Vaults:4 | Reached XP level 21. HP: 186/194 MP: 29/30
 81210 | Depths:1 | Entered Level 1 of the Depths
 81451 | Depths:1 | Found a gateway to Hell.
 81881 | Depths:1 | Reached skill level 10 in Invocations
 82001 | Depths:1 | Found a gateway to a ziggurat.
 82271 | Depths:1 | Found Umics' Serpentskin Sales.
 83531 | Depths:2 | Found a one-way gate leading to the halls of Pandemonium.
 85931 | Depths:2 | Noticed the Enchantress
 85959 | Depths:2 | Killed the Enchantress
 85971 | Depths:2 | Got a faerie dragon armour
 85985 | Depths:2 | Identified the -2 faerie dragon armour {Contam rCorr Stlth+ Clar} (You took it off the Enchantress on level 2 of the Depths)
 86349 | Depths:2 | Found a bloodstained altar of Trog.
 87064 | Depths:3 | Reached XP level 22. HP: 186/207 MP: 32/33
 88182 | Depths:3 | Found a one-way gate to the infinite horrors of the Abyss.
 89781 | Depths:4 | Found a viscous altar of Jiyva.
 90355 | Depths:4 | Identified Sif Muna's Collected Works on Blistering Translocation (You found it on level 4 of the Depths)
 90359 | Depths:4 | Learned a level 1 spell: Apportation
 91274 | Depths:4 | Identified the Disquisition on Flying Combat Magic
 91350 | Depths:5 | Entered Level 5 of the Depths
 92244 | Depths:5 | Found a white marble altar of Elyvilon.
 92533 | Depths:5 | Reached XP level 23. HP: 207/217 MP: 35/35
 92654 | Depths:5 | Found a gate to the Realm of Zot.
 92666 | Depths:5 | Learned a level 2 spell: Blink
 94043 | Vaults:4 | Paralysed by a great orb of eyes for 5 turns
 94070 | Vaults:5 | Entered Level 5 of the Vaults
 94483 | Vaults:5 | Reached skill level 15 in Invocations
 96295 | Vaults:4 | Reached skill level 15 in Armour
 98100 | Vaults:5 | Noticed Margery
 98118 | Vaults:5 | Killed Margery
 98696 | Vaults:5 | Reached XP level 24. HP: 229/229 MP: 38/38
100119 | Vaults:5 | Got a silver rune of Zot
100303 | Vaults:5 | Got a crude ivory amulet
100304 | Vaults:5 | Identified the amulet "Witot" {Spirit rElec rPois Str+4 Int-2 Stlth+} (You found it on level 5 of the Vaults)
100529 | Vaults:5 | Identified the Catalogue of Evil Rites
101416 | Zot:1    | Entered Level 1 of the Realm of Zot
103390 | Zot:1    | Gained mutation: Your flesh is heat resistant. [potion of beneficial mutation]
104586 | Zot:2    | Reached XP level 25. HP: 234/237 MP: 40/40
104658 | Zot:2    | Noticed an orb of fire
106541 | Zot:2    | Reached skill level 22 in Invocations
106598 | Zot:2    | Gained mutation: You are clumsy. (Dex -2) [an orb of fire]
106609 | Zot:2    | Killed an orb of fire
106988 | Zot:2    | Reached skill level 5 in Dodging
107688 | Zot:3    | Noticed an orb of fire
107699 | Zot:3    | Gained mutation: You occasionally shout uncontrollably at your foes. [an orb of fire]
107707 | Zot:3    | Gained mutation: Your magical capacity is low (-10% MP). [an orb of fire]
107713 | Zot:3    | Killed an orb of fire
109199 | Zot:4    | Reached XP level 26. HP: 207/247 MP: 30/36
110285 | Zot:3    | Identified a +1 rod of the swarm (13/13) (You found it on level 4 of the Realm of Zot)
111776 | Zot:5    | Entered Level 5 of the Realm of Zot
112747 | Zot:5    | Noticed an ancient lich
112750 | Zot:5    | Killed an ancient lich
112804 | Zot:5    | Noticed an ancient lich
112875 | Zot:5    | Killed an ancient lich
112923 | Zot:5    | Noticed an ancient lich
112972 | Zot:5    | Reached skill level 23 in Invocations
113005 | Zot:5    | Noticed an orb of fire
113007 | Zot:5    | Lost mutation: You are weak. (Str -2) [an orb of fire]
113248 | Zot:5    | Noticed herpmino's ghost (legendary DrMo)
113428 | Zot:5    | Killed an ancient lich
113722 | Zot:5    | Killed herpmino's ghost
113783 | Zot:5    | Noticed an orb of fire
113787 | Zot:5    | Gained mutation: Your spells are a little easier to cast, but a little less powerful. [an orb of fire]
113790 | Zot:5    | Gained mutation: You heal slowly when monsters are visible. [an orb of fire]
113794 | Zot:5    | Killed an orb of fire
113803 | Zot:5    | Killed an orb of fire
114169 | Zot:5    | Reached XP level 27. HP: 236/256 MP: 37/37
114736 | Zot:5    | Got the Orb of Zot
114757 | Zot:5    | Noticed Xoat the pandemonium lord
114794 | Zot:5    | Killed Xoat the pandemonium lord
115379 | D:9      | Noticed Bajyvi the pandemonium lord
115513 | D:3      | Noticed a centaur
115514 | D:3      | Killed a centaur
115647 | D:1      | Noticed Bruim the pandemonium lord
115672 | D:$      | Escaped with the Orb!

Action                   |  1- 3 |  4- 6 |  7- 9 | 10-12 | 13-15 | 16-18 | 19-21 | 22-24 | 25-27 || total
-------------------------+-------+-------+-------+-------+-------+-------+-------+-------+-------++-------
Melee: Short sword       |   194 |    53 |   201 |       |       |       |       |       |       ||   448
       Long sword        |       |       |   135 |   600 |       |       |       |       |       ||   735
       Scimitar          |       |       |       |   449 |       |       |       |       |       ||   449
       Great sword       |       |       |       |    37 |  2415 |  2243 |  2051 |  1548 |   979 ||  9273
       Longbow           |       |       |       |       |       |     3 |       |       |       ||     3
 Fire: Shortbow          |    32 |   161 |   324 |   485 |   430 |       |       |       |       ||  1432
       Blowgun           |       |       |     4 |       |       |       |       |       |       ||     4
       Longbow           |       |       |       |       |   104 |   793 |  1020 |   956 |   523 ||  3396
Invok: Evolution         |       |       |     7 |    12 |    22 |    17 |     8 |    23 |    11 ||   100
       Sunlight          |       |       |       |       |     1 |       |       |       |       ||     1
       Growth            |       |       |       |       |       |     2 |       |     1 |     2 ||     5
       Rain              |       |       |       |       |       |       |       |     2 |     2 ||     4
Evoke: Wand              |       |       |     2 |     2 |     1 |     2 |     6 |    17 |    24 ||    54
       Rod               |       |       |       |       |     1 |       |     1 |       |       ||     2
       Phantom mirror    |       |       |       |       |       |       |       |       |     1 ||     1
  Use: Scroll            |       |       |       |    18 |    12 |    28 |    14 |    31 |     8 ||   111
       Potion            |       |       |       |     3 |     5 |    13 |     8 |     9 |     6 ||    44
 Stab: Confused          |       |       |       |     2 |     7 |       |     1 |       |     2 ||    12
       Distracted        |       |       |       |     1 |     2 |     7 |     2 |       |     4 ||    16
       Invisible         |       |       |       |       |       |       |       |    14 |    11 ||    25
  Eat: Chunk             |     3 |     5 |    14 |    20 |    40 |    47 |    20 |    13 |     4 ||   166
       Meat ration       |       |       |       |     2 |     3 |     3 |     4 |     1 |       ||    13
       Pizza             |       |       |       |     2 |     3 |     1 |     1 |       |       ||     7
       Beef jerky        |       |       |       |     2 |       |       |     3 |       |       ||     5
       Royal jelly       |       |       |       |     1 |     2 |     1 |     2 |       |       ||     6
       Bread ration      |       |       |       |       |       |     1 |     1 |     8 |     7 ||    17
